 BcadrenCrawl: Boulder Brew version 0.04.2-20-g1dbc4a6302 (webtiles) character file.

Game seed: 8167109281644126022, levelgen mode: deterministic

4537 st0uf the Grappler (level 10, -38/83 HPs) Magenta Draconian Demonspawn. Began on May 24, 2021. Was a Follower of Bahamut & Tiamat. Annihilated by Rupert ... wielding a +1 great mace of protection (44 damage) ... on level 6 of the Dungeon. The game lasted 00:19:23 (4241 turns).

st0uf the Grappler (Magenta Draconian Demonspawn)   Turns: 4241, Time: 00:19:23

Health: -38/83     AC: 12    Str: 19    XL:     10 ^: 4490
Magic:  0/20       EV: 13    Int: 14    God:    Bahamut & Tiamat [1* [44]]
Gold:   184        SH:  5    Dex: 10    Spells: 22/23 levels left

rFire    . . .     Vision   .     - Unarmed
rCold    . . .     Gourm    .     - Unarmed
rNeg     . . .     Faith    .   (armour unavailable)
rPois    .         Spirit   +   (helmet restricted)
rElec    .         Reflect  +   m - +0 cloak
rCorr    .         Harm     .   (no gloves)
MR       .....                  (no boots)
Stlth    ++........             e - amulet of reflection
HPRegen  0.37/turn              (no ring)
MPRegen  0.30/turn              (no ring)

@: lethally poisoned (-38 -> -39), hasted, repel missiles, very quick
A: no body armour, unfitting armour, talons 2, molten scales 2, powered by death
2, magic shield, cold-blooded, boosted slings aptitude, charms enhancer 1, rMsl,
AC +8
a: Breathe Fog, Renounce Religion


You were on level 6 of the Dungeon.
You worshipped Bahamut & Tiamat.
Bahamut & Tiamat was aware of your devotion.
You were not hungry.

You visited 2 branches of the dungeon, and saw 7 of its levels.

You collected 184 gold pieces.

Inventory:

Armour
 m - a +0 cloak (worn)
Jewellery
 a - an uncursed ring of wizardry
 e - an amulet of reflection (around neck)
 g - an uncursed ring of stealth
 n - a cursed amulet of chaos {(Curse: Str-4)}
 s - an uncursed ring of ice
 t - an uncursed ring of protection
Wands
 i - a wand of flame (44)
 k - a wand of random effects (13)
 q - a wand of polymorph (1)
 w - a wand of scattershot (5)
Scrolls
 c - 4 scrolls of teleportation
 d - 3 scrolls of silence
 h - 2 scrolls of bless item
 o - 4 scrolls of enchantment
 p - a scroll of amnesia
 r - 3 scrolls of fear
 u - a scroll of magic mapping
Potions
 f - a potion of ambrosia
 j - a potion of heal wounds
 l - a potion of curing
 v - a potion of cancellation
Comestibles
 b - 16 rations


   Skills:
 * Level 5.7 Fighting
 + Level 4.1 Dodging
 - Level 2.0 Stealth
 + Level 9.3 Unarmed Combat
 * Level 7.1 Spellcasting
 - Level 1.5 Fire Magic
 * Level 5.8 Invocations


You had 22 spell levels left.
You knew the following spells:

 Your Spells              Type           Power        Failure   Level  Hunger
a - Flame Tongue          Fire           9 (30)       8%          1    None

Your spell library contained the following spells:

 Spells                   Type           Power        Failure   Level  Hunger
 Blink                    Tloc           N/A          22%         2    None
 Call Imp                 Summ           5 (100)      22%         2    None
 Slow                     Hex            5 (100)      22%         2    None
 Conjure Flame            Fire           9 (100)      22%         3    ##.....
 Mephitic Cloud           Pois/Air       5 (100)      38%         3    ##.....


Dungeon Overview and Level Annotations

Branches:
Dungeon (6/8)              Temple (1/1) D:4            Lair (0/6) D:5
    Orc: D:6

Altars:
Bahamut & Tiamat
Gozag Ym Sagoz
Hepliaklqana
Kikubaaqudgha
Makhleb
Nemelex Xobeh
Ru
Trog
Vehumet
Wu Jian
Xom
Zin

Shops:
D:6 !

Annotations:
D:6 Rupert


Innate Abilities, Weirdness & Mutations

You cannot fit into any form of body armour.
Your hazy amethyst scales are resilient. (AC +8)
You can breathe clouds of thick fog.
You have razor-sharp toenails.
You are mostly covered in molten scales. (AC +3)
You regenerate health from kills.
When hurt, damage is shared between your health and your magic reserves.
You are cold-blooded and may be slowed by cold attacks.
You are naturally skilled at Slings (Aptitude +3).
You are in touch with the powers of charms.
Your hazy amethyst scales passively repel missiles. (rMsl)


Message History

You punch Rupert (13)! You punch Rupert (11)!
You claw Rupert, but do no damage.
Rupert is heavily wounded. (112/189) HP Rupert hits you with a +1 great mace of protection (12)!
* * * LOW HITPOINT WARNING * * *
Unknown command.
You feel much better.
You feel sick. (1) Rupert hits you with a +1 great mace of protection (50)!!!
Ouch! That really hurt!
* * * LOW HITPOINT WARNING * * *
Tiamat quickens your movements.
You hear two shouts!
You hear a shout!
You hit Rupert but do no damage. You hit Rupert (3). You claw Rupert (3).
Rupert is heavily wounded. (107/189) HP You punch Rupert (11)!
You hit Rupert (3). You claw Rupert (2).
Rupert is heavily wounded. (91/189) HP Rupert hits you with a +1 great mace of protection (44)!!!
Ouch! That really hurt!
You die...

#.# ... #.#
##.#
#.####.##.#
#∩.........
#...##.#...
###># ...# .
#.##..
....#######.#.#
......)@......#
....###@#†#%#.#
. #.#.#.##.#
......# #.#
.#....)# #..
.##...... ..#
.# #.....## ##
#. .......
##.....#


You could see Rupert (berserk).

Vanquished Creatures
  Harold (D:4)
  An elephant (D:5)
  3 hippogriffs
  A yak (D:5)
  Edmund (D:2)
  Purgy (D:2)
  2 water moccasins (D:2)
  An orc warrior (D:4)
  A sky beast (D:5)
  3 ogres
  2 crocodiles (D:5)
  4 big kobolds
  3 bullfrogs
  A centaur (D:4)
  2 howler monkeys (D:4)
  4 killer bees
  A crimson imp (D:5)
  Crazy Yiuf (D:2)
  An orc priest (D:3)
  3 hounds
  4 jellies
  3 orc wizards
  A gnoll shaman (D:4)
  3 iguanas
  4 worker ants
  A wyvern skeleton (D:4)
  3 giant cockroaches
  4 bullfrog skeletons
  3 bullfrog zombies
  A shadow imp (D:4)
  4 adders
  5 gnolls (D:4)
  20 sewer rats (D:2)
  A white imp (D:4)
  8 cinder newts
  A worm (D:3)
  2 oozes (D:2)
  A howler monkey skeleton (D:3)
  2 leopard geckos
  22 orcs
  An adder skeleton (D:3)
  A cinder newt skeleton (D:2)
  6 goblins (D:1)
  7 hobgoblins (D:1)
  2 jackals (D:4)
  4 quokkas
  6 bats
  25 kobolds
  2 kobold skeletons (D:2)
  A quokka skeleton (D:3)
  4 rats (D:1)
  2 withered plants (D:2)
191 creatures vanquished.

Vanquished Creatures (others)
  3 slimeheads (D:2)
  92 withered plants (D:2)
95 creatures vanquished.

Grand Total: 286 creatures vanquished

Notes
Turn   | Place    | Note
-------+----------+-------------------------------------------
     0 | D:1      | st0uf the Immature Draconian Demonspawn began the quest for
                  | the Orb.
     0 | D:1      | Reached XP level 1. HP: 16/16 MP: 3/3
    75 | D:1      | Gained mutation: When hurt, damage is shared between your
                  | health and your magic reserves. [demonic ancestry]
    75 | D:1      | Reached XP level 2. HP: 17/23 MP: 4/4
    76 | D:1      | Gained mutation: You have sharp toenails. [demonic
                  | ancestry]
    76 | D:1      | Reached XP level 3. HP: 21/28 MP: 4/6
   209 | D:1      | Reached skill level 2 in Unarmed Combat
   439 | D:1      | Gained mutation: You have razor-sharp toenails. [demonic
                  | ancestry]
   439 | D:1      | Reached XP level 4. HP: 35/35 MP: 6/8
   715 | D:2      | Noticed Purgy
   727 | D:2      | Killed Purgy
   727 | D:2      | Reached skill level 3 in Unarmed Combat
   727 | D:2      | Reached XP level 5. HP: 38/40 MP: 8/10
   729 | D:2      | Noticed a water moccasin
   741 | D:2      | Killed a water moccasin
   741 | D:2      | Reached skill level 4 in Unarmed Combat
   741 | D:2      | Reached XP level 6. HP: 36/48 MP: 7/11
   887 | D:2      | Your scales start taking on a hazy amethyst colour.
   887 | D:2      | Reached XP level 7. HP: 43/53 MP: 13/13
   887 | D:2      | Gained mutation: You are partially covered in molten
                  | scales. (AC +2) [demonic ancestry]
   887 | D:2      | Gained mutation: Your hazy amethyst scales passively repel
                  | missiles. (rMsl) [Magenta Draconian growth]
   887 | D:2      | Gained mutation: You are in touch with the powers of
                  | charms. [Magenta Draconian growth]
  1099 | D:2      | Found a sparkling altar of Nemelex Xobeh.
  1113 | D:2      | Reached skill level 5 in Unarmed Combat
  1481 | D:2      | Noticed Edmund
  1488 | D:2      | Killed Edmund
  1488 | D:2      | Reached skill level 6 in Unarmed Combat
  1488 | D:2      | Reached skill level 5 in Spellcasting
  1488 | D:2      | Gained mutation: You regenerate a little health from kills.
                  | [demonic ancestry]
  1488 | D:2      | Reached XP level 8. HP: 44/62 MP: 11/15
  1755 | D:2      | Found a runed translucent door.
  1757 | D:2      | Noticed Crazy Yiuf
  1765 | D:2      | Killed Crazy Yiuf
  2776 | D:4      | Reached skill level 7 in Unarmed Combat
  2879 | D:4      | Found a staircase to the Ecumenical Temple.
  2933 | Temple   | Entered the Ecumenical Temple
  2944 | Temple   | Became a worshipper of Bahamut & Tiamat
  2991 | D:4      | Found a hazy altar of Hepliaklqana.
  2992 | D:4      | Found a shimmering altar of Xom.
  2992 | D:4      | Found a sacrificial altar of Ru.
  2996 | D:4      | Noticed Harold
  3145 | D:4      | Killed Harold
  3145 | D:4      | Reached skill level 8 in Unarmed Combat
  3145 | D:4      | Gained mutation: You are mostly covered in molten scales.
                  | (AC +3) [demonic ancestry]
  3145 | D:4      | Reached XP level 9. HP: 57/72 MP: 13/18
  3441 | D:4      | Identified the cursed +5 dagger of Patterns {pierce, +Fly
                  | rC+, (Curse: *Drain)}
  3536 | D:4      | Reached skill level 5 in Fighting
  3622 | D:5      | Entered Level 5 of the Dungeon
  3626 | D:5      | Reached * piety under Bahamut & Tiamat
  3677 | D:5      | Found a staircase to the Lair.
  3677 | D:5      | Noticed an elephant
  3703 | D:5      | Killed an elephant
  3703 | D:5      | Reached skill level 5 in Invocations
  3722 | D:5      | Reached skill level 9 in Unarmed Combat
  3766 | D:5      | Gained mutation: You are naturally skilled at Slings
                  | (Aptitude +3). [draconic bloodline]
  3766 | D:5      | Gained mutation: You regenerate health from kills. [demonic
                  | ancestry]
  3766 | D:5      | Reached XP level 10. HP: 81/81 MP: 20/20
  4075 | D:5      | Found a burning altar of Makhleb.
  4076 | D:5      | Found a radiant altar of Vehumet.
  4195 | D:6      | Found Noxuatso's Distillery.
  4209 | D:6      | Identified the +10 mangonel of Understanding {freeze, rC+}
  4220 | D:6      | Noticed Rupert
  4241 | D:6      | Annihilated by Rupert

Levels and vault maps discovered:
D:1:      mrwooster_arrival_statue_3, layout_basic
D:2:      layout_sewer, nicolae_overflow_hidden_temple, uniq_purgy, uniq_edmund,
          uniq_crazy_yiuf_cottage
D:3:      layout_basic, first_ration, grunt_ogre_cave
D:4:      layout_gridville, chequers_temple_overflow_statue_of_worship,
          temple_doors_e, uniq_harold
D:5:      layout_rooms, grunt_temple_overflow_lords_of_destruction,
          david_lair_generic
D:6:      layout_loops_ring, david_orc_2, serial_shops, shop_scrolls, shop,
          shop, kennysheep_mini, kennysheep_little_box, uniq_rupert
Temple:   nicolae_temple_great_sept

Skill      XL: |  1  2  3  4  5  6  7  8  9 10 |
---------------+-------------------------------+-----
Spellcasting   | 2 3 4 5 6 7 |  7.1
Unarmed Combat | 2 3 4 6 8 9 |  9.3
Dodging        | 3 4 |  4.1
Stealth        | 2 |  2.0
Fighting       | 2 4 5 |  5.7
Invocations    | 4 5 |  5.8
Fire Magic     | |  1.5

Action                   |  1- 3 |  4- 6 |  7- 9 | 10-12 || total
-------------------------+-------+-------+-------+-------++-------
Melee: Unarmed           |   119 |   185 |   578 |    61 ||   943
       Tailslap          |     4 |     7 |    23 |     4 ||    38
       Kick              |     1 |    10 |    57 |    13 ||    81
Invok: Choose Tiamat's R |       |       |     1 |       ||     1
  Use: Potion            |       |       |     1 |     1 ||     2
 Stab: Sleeping          |     2 |     1 |     5 |       ||     8
       Distracted        |       |     1 |       |       ||     1
  Eat: Chunk             |       |       |    11 |     1 ||    12
Armor: Skin              |    11 |    14 |    68 |     7 ||   100
Dodge: Dodged            |    27 |    41 |   248 |    10 ||   326
       Deflected         |       |       |     2 |       ||     2
Block: Other             |       |     7 |    73 |     8 ||    88
       Reflection        |       |       |     1 |       ||     1
